 Dungeon Crawl Stone Soup version 0.31.0-9-g3a7656b989 (webtiles) character file.

Game seed: 7256197304334422681

114 qw the Skirmisher (level 4, -1/25 HPs)
             Began as a Deep Elf Hunter on Feb 2, 2024.
             Was an Initiate of Okawaru.
             Incinerated by a bombardier beetle (6 damage)
             ... with a burning spray
             ... on level 3 of the Dungeon.
             The game lasted 00:00:07 (2085 turns).

qw the Skirmisher (Deep Elf Hunter)                 Turns: 2085, Time: 00:00:07

Health: -1/25      AC:  5    Str: 10    XL:     4   Next: 67%
Magic:  6/6        EV: 11    Int: 14    God:    Okawaru [......]
Gold:   22         SH:  0    Dex: 18    Spells: 3/3 levels left

rFire   . . .        a - +0 shortbow
rCold   . . .        (shield currently unavailable)
rNeg    . . .        b - +0 ring mail
rPois   .            (no helmet)
rElec   .            (no cloak)
rCorr   .            (no gloves)
SInv    .            (no boots)
Will    .....        (no amulet)
Stlth   +            (no ring)
HPRegen 0.24/turn    (no ring)
MPRegen 0.10/turn

%: no passive effects
@: on fire, glowing
A: no striking features
a: Renounce Religion


You were on level 3 of the Dungeon.
You worshipped Okawaru.
Okawaru was noncommittal.
You visited 1 branch of the dungeon, and saw 3 of its levels.

You collected 142 gold pieces.
You spent 120 gold pieces at shops.


   Skills:
 - Level 1.5 Fighting
 + Level 8.1 Ranged Weapons
 - Level 2.4 Dodging
 - Level 1.2 Stealth


You had 3 spell levels left.
You didn't know any spells.
Your spell library was empty.

Inventory:

Hand Weapons
 a - a +0 shortbow (weapon)
Armour
 b - a +0 ring mail (worn)
Scrolls
 d - 2 scrolls of identify
Potions
 f - a potion of curing
 g - 2 potions of might

Dungeon Overview and Level Annotations

Branches:
Dungeon (3/15)

Altars:
Cheibriados
Dithmenos
Gozag
Okawaru
Qazlal

Shops:
D:1 *   D:3 *


Message History

You shoot an arrow. The arrow hits the ribbon worm!
The ribbon worm is almost dead.
The ribbon worm expels a string of sticky webbing.
The stream of webbing hits you but does no damage.
You are caught in a web!
The web tears apart.
The ribbon worm barely misses you.
You shoot an arrow.
The arrow hits the ribbon worm but does no damage.
The ribbon worm is severely wounded.
The ribbon worm barely misses you.
You shoot an arrow. The arrow hits the ribbon worm.
The ribbon worm is almost dead.
The ribbon worm bites you.
You shoot an arrow.
The arrow barely misses the ribbon worm.
The ribbon worm bites you.
You shoot an arrow.
The arrow hits the ribbon worm but does no damage.
The ribbon worm is almost dead.
The bombardier beetle bites you but does no damage.
You shoot an arrow. The arrow hits the ribbon worm.
You kill the ribbon worm!
Okawaru accepts your kill.
You shoot an arrow. The arrow hits the bombardier beetle.
The bombardier beetle is moderately wounded.
The bombardier beetle sprays incendiary fluid at you.
The burning spray hits you.
You are covered in liquid fire!
You shoot an arrow. The arrow hits the bombardier beetle.
The bombardier beetle is heavily wounded.
The liquid fire burns you! The bombardier beetle bites you.
You shoot an arrow. The arrow hits the bombardier beetle.
The bombardier beetle is severely wounded.
The liquid fire burns you!
You shoot an arrow. The arrow hits the bombardier beetle.
The bombardier beetle is severely wounded.
The liquid fire burns you!
You die...

##.#..
#........_..# ...#
####..._....# ####
# ###......#
#.######....###
#.......##### .
#.#.#.#.# ..
........#######.#..
..#.#.#............
........###@...###.
..#.#.#.##.B.#.#
.........#.....#
#........#.#.....
#.......... ..##.#
#.........# #.# .#
#.......#.# .. . ..
.#.


You could see a bombardier beetle.

Vanquished Creatures
  Jessica (D:2)
  2 adders
  A ribbon worm (D:3)
  7 dart slugs
  An orc (D:3)
  4 ball pythons
  4 endoplasms
  A giant cockroach (D:1)
  7 goblins
  7 hobgoblins
  2 jackals (D:2)
  3 bats (D:1)
  5 frilled lizards
  4 kobolds
  3 rats
52 creatures vanquished.

Notes
Turn   | Place    | Note
-------+----------+-------------------------------------------
     0 | D:1      | qw the Deep Elf Hunter began the quest for the Orb.
     0 | D:1      | Reached XP level 1. HP: 12/12 MP: 3/3
     0 | D:1      | 0 ||| qw: Version: 0.3-a-155-g5e7d8dd
     0 | D:1      | 0 ||| qw: Game counter: 1395
     0 | D:1      | 0 ||| qw: Melee chars always use a shield: true
     0 | D:1      | 0 ||| qw: God list: Okawaru
     0 | D:1      | 0 ||| qw: Allow faded altars: false
     0 | D:1      | 0 ||| qw: Do Orc after clearing Dungeon:15 true
     0 | D:1      | 0 ||| qw: Do second Lair branch before Depths: true
     0 | D:1      | 0 ||| qw: Lair rune preference: random
     0 | D:1      | 0 ||| qw: Goals: Normal
     0 | D:1      | 0 ||| PLANNING D:1-11
   140 | D:1      | Reached skill level 6 in Ranged Weapons
   140 | D:1      | Reached XP level 2. HP: 9/16 MP: 4/4
   343 | D:1      | Found a faded altar of an unknown god.
   456 | D:1      | Found Dyergh's General Store.
   463 | D:1      | 463 ||| SHOPLISTING potion of curing (42 gold, have 35).
   463 | D:1      | 463 ||| SHOPLISTING wand of light (4) (235 gold, have 35).
   472 | D:1      | Reached XP level 3. HP: 18/20 MP: 5/5
   892 | D:1      | 892 ||| READING scroll labelled AZOMEM KUCU.
   892 | D:1      | 892 ||| IDENTIFYING bubbling sapphire potion
   893 | D:1      | 893 ||| DROPPING scroll of butterflies.
   894 | D:1      | 894 ||| DROPPING potion of magic.
  1015 | D:2      | Noticed Jessica
  1018 | D:2      | Killed Jessica
  1019 | D:2      | Reached skill level 7 in Ranged Weapons
  1019 | D:2      | Reached XP level 4. HP: 25/25 MP: 6/6
  1366 | D:2      | 1366 ||| FLEEEEING.
  1367 | D:2      | 1367 ||| FLEEEEING.
  1368 | D:2      | 1368 ||| FLEEEEING.
  1369 | D:2      | 1369 ||| FLEEEEING.
  1532 | D:2      | 1532 ||| READING scroll of identify.
  1532 | D:2      | 1532 ||| IDENTIFYING cyan potion
  1533 | D:2      | 1533 ||| READING scroll labelled VUCZEGR KINOCW.
  1634 | D:2      | 1634 ||| READING scroll labelled DUAT BATRUM.
  1635 | D:2      | 1635 ||| READING scroll labelled XUOFOS FYEX.
  1638 | D:2      | 1638 ||| READING scroll labelled DEFILLO TOCWEZIOMN.
  1683 | D:2      | 1683 ||| DRINKING 2 brown potions.
  1935 | D:3      | Found Vewasemp's General Store.
  1944 | D:3      | 1944 ||| BUYING +0 ring mail (40 gold).
  1944 | D:3      | Bought a +0 ring mail for 40 gold pieces
  1944 | D:3      | 1944 ||| BUYING potion of might (40 gold).
  1944 | D:3      | Bought a potion of might for 40 gold pieces
  1944 | D:3      | 1944 ||| BUYING scroll of identify (20 gold).
  1944 | D:3      | Bought a scroll of identify for 20 gold pieces
  1944 | D:3      | 1944 ||| BUYING scroll of identify (20 gold).
  1944 | D:3      | Bought a scroll of identify for 20 gold pieces
  2016 | D:3      | Found a shadowy altar of Dithmenos.
  2020 | D:3      | Found a snail-covered altar of Cheibriados.
  2020 | D:3      | Found an opulent altar of Gozag.
  2030 | D:3      | Found a stormy altar of Qazlal.
  2031 | D:3      | Found an iron altar of Okawaru.
  2032 | D:3      | 2032 ||| PLANNING OKAWARU WORSHIP
  2032 | D:3      | 2032 ||| UPGRADING to +0 ring mail.
  2042 | D:3      | 2042 ||| DROPPING +0 leather armour.
  2050 | D:3      | Became a worshipper of Warmaster Okawaru
  2051 | D:3      | 2051 ||| PLANNING D:1-11
  2068 | D:3      | Reached skill level 8 in Ranged Weapons
  2084 | D:3      | HP: 5/25 [burnt (5)]
  2085 | D:3      | Incinerated by a bombardier beetle

Levels and vault maps discovered:
D:1:      minmay_arrival_solitary_statue, layout_basic,
          hellmonk_ecumenical_altar_leap_of_faith, serial_shops, shop,
          minmay_heptomino_w4
D:2:      layout_basic, minivault_26, uniq_jessica
D:3:      layout_basic, grunt_temple_overflow_open, serial_shops,
          nicolae_lakefront_shop, serial_glass, glass_columns_c,
          glass_columns_b, glass_columns_a, glass_columns_b, glass_columns_a,
          glass_columns_a, minmay_fractal_squares_5

Skill      XL: |  1  2  3  4 |
---------------+-------------+-----
Ranged Weapons | 6 7 8 |  8.1
Fighting       | |  1.5
Dodging        | |  2.4
Stealth        | |  1.2

Action                     |  1- 3 |  4- 6 || total
---------------------------+-------+-------++-------
   Fire: Shortbow          |    82 |    61 ||   143
    Use: Scroll            |     1 |     5 ||     6
         Potion            |       |     1 ||     1
 Armour: Leather armour    |    26 |     1 ||    27
         Ring mail         |       |     4 ||     4
  Dodge: Dodged            |    13 |    10 ||    23

Table legend:
 A = Non-vault XP
 B = Vault XP
 C = Vault XP percentage of total XP
 D = Non-vault monster count
 E = Vault monster count
 F = Vault count percentage of total count
                 A         B        C        D         E       F
            +---------+---------+-------+---------+---------+-------
      Total |      94 |      70 |  42.7 |      42 |      10 |  19.2
            +---------+---------+-------+---------+---------+-------
        D:1 |      39 |      13 |  25.0 |      19 |       6 |  24.0
        D:2 |      49 |      37 |  43.0 |      20 |       1 |   4.8
        D:3 |       6 |      20 |  76.9 |       3 |       3 |  50.0
            +---------+---------+-------+---------+---------+-------
